Map: [TLMC8] Blood Boil

Players

icED

  • Race: Terran Terran
  • League: Diamond
  • Spawn Location: 11:00

Player 2 - Winner!

  • Race: Terran Terran
  • Spawn Location: 5:00

VOD

Have the link to the VOD?

Description

4min drop with 2tanks and 8 marines had gotten me to plat and my firend to d2

Time

  • Played on: March 31, 2017, 10:40 p.m.
  • Length: 1:46
Show
View Real Time Build Order
Export as new Build Order

icED Terran 

Build Orders:  

Get SALT Encoding   

  12  0:00  SCV  
  13  0:13  SCV  
  14  0:19  Supply Depot  
  14  0:25  SCV  
  15  0:40  SCV  
  16  0:43  Barracks  
  16  0:46  Refinery  
  16  0:51  Refinery  
  16  0:55  SCV  
  17  1:07  SCV  
  18  1:19  SCV  
  20  1:39  Factory  
Show
View Real Time Build Order
Export as new Build Order

Player 2 Terran - Winner!

Build Orders:  

Get SALT Encoding   

  12  0:00  SCV  
  13  0:13  SCV  
  14  0:20  Supply Depot  
  14  0:25  SCV  
  15  0:42  SCV  
  16  0:45  Barracks  
  16  0:51  Refinery  
  16  0:54  SCV  
  17  1:06  SCV  
  18  1:18  SCV  
  19  1:23  Supply Depot  
  19  1:30  SCV  
  21  1:43  Barracks  
Tags
 
League
Diamond
Matchup
TvT
Race
Terran
Spawn Locations
Cross Positions
Add a new tag
Caveats
  • Supply blocks, unpowered buildings, or Contaminate may cause inaccurate times.
  • Supply counts are checked every 10 seconds.